Cogmind - Beta 15 @@@ ROGUE MODE // 2025.07.09 @ 21:20:49 Player: Skysub Result: Destroyed by 61-7LP(R) with Subdweller Laser Performance ------------- Evolutions (0) 0 Regions Visited (2) 400 Robots Destroyed (46) 230 Value Destroyed (973) 973 Prototype IDs (0) 0 Alien Tech Used (0) 0 Bonus (0) 0 TOTAL SCORE: 1603 Bonus ------- None Cogmind --------- Core Integrity 0/250 Matter 163/300 Energy 87/100 System Corruption 0% Temperature Cool (6) Movement Core (300) Ox5 Location -10/Subcaves Parts ------- > --- POWER (1) -------- (None) > --- PROPULSION (2) --- (None) > --- UTILITY (2) ------ Medium Storage Unit Terrain Scanner > --- WEAPON (2) ------- Subdweller Laser Battle Cannon > --- INVENTORY (10) --- Small Storage Unit High-capacity Storage Unit Subdweller Optics Subdweller Shrapnel Launcher Hammer Makeshift Sword Peak State ------------ > --- POWER ------------ Light Ion Engine > --- PROPULSION ------- Light Treads Wheel > --- UTILITY ---------- Medium Storage Unit Terrain Scanner > --- WEAPON ----------- Subdweller Laser Battle Cannon > --- INVENTORY -------- Small Storage Unit High-capacity Storage Unit Subdweller Optics Subdweller Shrapnel Launcher Hammer Makeshift Sword [Rating: 10] Favorites ----------- Power Ion Engine Engine Ion Engine Propulsion Light Treads Treads Light Treads Wheel Wheel Utility Medium Storage Unit Device Structural Scanner Storage Medium Storage Unit Protection Light Armor Plating Weapon Assault Rifle Energy Gun Subdweller Laser Ballistic Gun Assault Rifle Ballistic Cannon Battle Cannon Launcher Grenade Launcher Impact Weapon Hammer Build | -11 -10 -10 ------- Run | Yrd Mat Sub Slots Evolved . | . . . Power . | . . . Propulsion . | . . . Utility . | . . . Weapon . | . . . Parts Attached 19 | 6 5 8 Power 2 | 1 . 1 Engine 2 | 1 . 1 Core . | . . . Reactor . | . . . Propulsion 5 | 2 1 2 Treads 4 | 2 1 1 Leg . | . . . Wheel 1 | . . 1 Hover . | . . . Flight . | . . . Utility 5 | 1 2 2 Device 2 | . . 2 Storage 2 | 1 1 . Processor . | . . . Hackware . | . . . Protection 1 | . 1 . Artifact . | . . . Weapon 7 | 2 2 3 Energy Gun 1 | . . 1 Energy Cannon . | . . . Ballistic Gun 3 | 2 1 . Ballistic Cannon 1 | . . 1 Launcher 1 | . 1 . Special Weapon . | . . . Impact Weapon 1 | . . 1 Slashing Weapon . | . . . Piercing Weapon . | . . . Special Melee Weapon . | . . . Unidentified Prototypes . | . . . Parts Lost 13 | . 2 11 Power 2 | . . 2 Propulsion 5 | . 1 4 Utility 2 | . 1 1 Weapon 4 | . . 4 Highest Loss Streak 6 | . 1 6 To Critical Strikes . | . . . Average Backups 6 | 2 6 8 Power . | . 1 . Propulsion 1 | . 1 1 Utility . | . . 1 Weapon 3 | 1 2 4 Tool/Special . | . . . Unused Backups 4 | . 1 3 Power . | . . . Propulsion . | . . . Utility 1 | . . 1 Weapon 3 | . 1 2 Tool/Special . | . . . Average Slot Usage (%) 87 | . 86 87 Engine 11 | . 14 5 Treads 25 | . 27 21 Wheel 1 | . . 3 Device 4 | . . 13 Storage 14 | . 14 14 Protection 1 | . 1 . Ballistic Gun 22 | . 27 11 Launcher 2 | . . 7 Impact Weapon 1 | . . 5 Peak Build Rating 10 | 6 7 10 Average Rating 6 | 5 6 6 On Entrance 4 | . 6 6 Naked Turns . | . . . Heaviest Build 22 | 14 22 21 Greatest Support 40 | 40 40 40 Greatest Overweight (x) 3 | . . 3 Average Overweight (x) . | . . . Largest Inventory Capacity 10 | 8 10 10 Average Capacity 9 | 7 9 10 Most Carried 10 | 4 10 10 Average Carried 6 | 2 6 8 Final Capacity 10 | 8 10 10 Final Carried 8 | 4 8 6 Class Distribution -------------------- 100% | Mutant Dominant Class ---------------- Mutant | -10/Materials Mutant | -10/Subcaves Resources | -11 -10 -10 ----------- Run | Yrd Mat Sub Matter Collected 1138 | 358 552 228 Remotely . | . . . Salvage Created 1269 | 195 898 176 Parts 97 | 15 72 10 Haulers Intercepted 2 | . 2 . Recyclers Shooed 3 | 1 2 . Parts Field Recycled . | . . . Retrieved Matter . | . . . Parts Self-Destructed 6 | . . 6 Prevented . | . . . Kills | -11 -10 -10 ------- Run | Yrd Mat Sub Combat Hostiles Destroyed 27 | . 19 8 Guns 13 | . 13 . Cannons 1 | . . 1 AOE 12 | . 6 6 Classes Destroyed 11 | 3 6 2 Worker 2 | 2 . . Builder 5 | . 5 . Tunneler 4 | 4 . . Hauler 2 | . 2 . Recycler 1 | 1 . . Operator 1 | . 1 . Turret 2 | . . 2 Watcher 2 | . 2 . Swarmer 7 | . 3 4 Grunt 16 | . 16 . Subdweller 4 | . . 4 Best Kill Streak 8 | 4 8 5 Combat Bots Only 6 | . 6 5 Max Kills in Single Turn 3 | 1 2 3 Gunslinging . | . . . Exploded 3 | . 2 3 Melee . | . . . Uniques/NPCs Destroyed . | . . . Combat | -11 -10 -10 -------- Run | Yrd Mat Sub Hostile Shots Fired 160 | . 95 65 Missed 50 | . 29 21 Hits 110 | . 66 44 Projectile 110 | . 66 44 Critical Strikes 1 | . 1 . Damage Taken 1652 | . 806 846 Core 262 | . 95 167 Absorbed by Shields . | . . . Core Remaining (%) 100 | 100 . . Volleys Fired 133 | 22 79 32 Largest 2 | 2 2 2 Hottest 93 | 40 50 93 Shots Fired 253 | 44 155 54 Gun 224 | 44 149 31 Cannon 8 | . . 8 Launcher 21 | . 6 15 Special . | . . . Kinetic 221 | 44 149 28 Thermal 11 | . . 11 Explosive 21 | . 6 15 Electromagnetic . | . . . Robot Hit Streak 8 | 6 8 8 Robot Miss Streak 4 | 3 4 2 Penetration Max . | . . . Secondary Targets 1 | . 1 . Max Gunslinging Chain 1 | . 1 . Shots Hit Robots 169 | 29 95 45 Core Hits 76 | 8 51 17 Critical Kills . | . . . Critical Parts Destroyed 3 | . 1 2 Critical Strikes 3 | . 1 2 Destroy 1 | . 1 . Smash 2 | . . 2 Melee Attacks 21 | . . 21 Impact 21 | . . 21 Slashing . | . . . Piercing . | . . . Sneak Attacks 1 | . . 1 Combat Hostiles . | . . . Follow-up Attacks . | . . . Damage Inflicted 2962 | 215 1467 1280 Guns 1684 | 215 1175 294 Cannons 132 | . . 132 Explosions 893 | . 286 607 Melee 247 | . . 247 Ramming 6 | . 6 . Kinetic 1680 | 215 1175 290 Thermal 136 | . . 136 Explosive 893 | . 286 607 Electromagnetic . | . . . Impact 247 | . . 247 Slashing . | . . . Piercing . | . . . Highest Corruption . | . . . Average Corruption . | . . . Corruption Purged . | . . . Corruption Blocked . | . . . Overload Shots . | . . . Overflow Damage 61 | . 9 52 Projectiles . | . . . Explosions 17 | . 9 8 Melee 44 | . . 44 Knockbacks 1 | . . 1 Impact . | . . . Kinetic 1 | . . 1 Secondary . | . . . Self-Inflicted Damage 29 | . 23 6 Shots 2 | . 1 1 Rammed 2 | . 2 . Targets Rammed 2 | . 2 . Kicked . | . . . Crushed . | . . . Highest Temperature 68 | . 68 . Average Temperature 26 | . 26 . Received Heat Transfer 621 | . 441 180 Siege Activations . | . . . Martial Activations . | . . . Shielding Activations . | . . . Robots Disrupted . | . . . Combat Hostiles . | . . . Robots Corrupted 1 | . . 1 Combat Hostiles 1 | . . 1 Parts Fried 2 | . . 2 Impact Corruptions 2 | . . 2 Robots Melted . | . . . Combat Hostiles . | . . . Parts Melted . | . . . Heat Transferred 175 | . . 175 Parts Sabotaged . | . . . Parts Stolen . | . . . Parts Stripped . | . . . Power Chain Reactions . | . . . Alert | -11 -10 -10 ------- Run | Yrd Mat Sub Maximum Alert Level 1 | . 1 . Low Security (%) 71 | 100 66 . Level 1 28 | . 33 . Level 2 . | . . . Level 3 . | . . . Level 4 . | . . . Level 5 . | . . . High Security . | . . . Max Security . | . . . Peak Influence 270 | 20 270 . Initial . | . . . Average 105 | 2 123 . Influence Increases 1093 | 35 653 405 Destroy 0b10 Robot/C 500 | . 380 120 Destroy 0b10 Robot/NC 85 | 35 50 . Destroy Leader 88 | . 88 . Successful Hack 9 | . 9 . Select Force Hacks 30 | . 30 . Destroy Structure 51 | . 51 . Lose Combat Pursuer 330 | . 45 285 Influence Decreases 904 | 35 383 486 Entered New Map 130 | . . 130 Time Decay 644 | 35 363 246 Lost Part 130 | . 20 110 Squads Dispatched 6 | . 6 . Investigation 4 | . 4 . Extermination . | . . . Reinforcement 2 | . 2 . Assault . | . . . Garrison . | . . . Intercept . | . . . Searches Triggered . | . . . Construction Impeded . | . . . Haulers Reinforced . | . . . Active Scanning Responses . | . . . Cargo Convoy Interrupts . | . . . Stealth | -11 -10 -10 --------- Run | Yrd Mat Sub Distress Signals . | . . . Communications Jammed . | . . . Distress Signals . | . . . Times Spotted 47 | . 30 17 Peak Tracking Total 7 | . 7 6 Tactical Retreats 5 | . 2 3 Traps | -11 -10 -10 ------- Run | Yrd Mat Sub Traps Triggered 4 | . 4 . Indirectly . | . . . Trap Hack Attempts . | . . . Triggered . | . . . Disarmed . | . . . Reprogrammed . | . . . Reused . | . . . Traps Extracted . | . . . Installed . | . . . Triggered . | . . . Machines | -11 -10 -10 ---------- Run | Yrd Mat Sub Machines Disabled 4 | . . 4 Max in Single Turn 1 | . . 1 Machines Repaired . | . . . Machines Dismantled . | . . . Machines Sabotaged . | . . . Overloaded Fab Kills . | . . . Hacking | -11 -10 -10 --------- Run | Yrd Mat Sub Machines Accessed 9 | . 9 . Terminals 7 | . 7 . Fabricators . | . . . Repair Stations . | . . . Recycling Units 2 | . 2 . Scanalyzers . | . . . Garrison Access . | . . . Total Hacks 29 | . 29 . Successful 12 | . 12 . Failed 17 | . 17 . Catastrophic 1 | . 1 . Database Lockouts . | . . . Manual 20 | . 20 . Terminals 21 | . 21 . Fabricators . | . . . Repair Stations . | . . . Recycling Units 8 | . 8 . Scanalyzers . | . . . Garrison Access . | . . . Terminal Hacks 1 | . 1 . Maintenance Status 1 | . 1 . Fabricator Hacks . | . . . Repair Station Hacks . | . . . Recycling Unit Hacks 3 | . 3 . Report Inventory 2 | . 2 . Retrieve Components 1 | . 1 . Scanalyzer . | . . . Garrison Access Hacks . | . . . Unauthorized Hacks 8 | . 8 . Terminals 7 | . 7 . Botnet 2 | . 2 . Skim 5 | . 5 . Fabricators . | . . . Repair Stations . | . . . Recycling Units 1 | . 1 . Tunnel 1 | . 1 . Scanalyzers . | . . . Garrison Access . | . . . Data Cores Recovered . | . . . Used . | . . . Hacking Detections 8 | . 8 . Full Trace Events 1 | . 1 . Feedback Events . | . . . Feedback Blocked . | . . . Robot Schematics Acquired . | . . . Robots Built . | . . . Authchips . | . . . Time . | . . . Total Robot Build Rating . | . . . Part Schematics Acquired . | . . . Parts Built . | . . . Authchips . | . . . Time . | . . . Total Part Build Rating . | . . . Parts Repaired . | . . . Time . | . . . Parts Recycled . | . . . Recycled Matter . | . . . Retrieved Matter . | . . . Retrieved Components 8 | . 8 . Parts Scanalyzed . | . . . Part Schematics Acquired . | . . . Parts Damaged . | . . . Bothacking | -11 -10 -10 ------------ Run | Yrd Mat Sub Used RIF Installer . | . . . Robots Hacked . | . . . Non-combat . | . . . Combat . | . . . Robot Hacks Applied . | . . . Relay Couplers Released . | . . . Fabnet Peak Effective % . | . . . Robots Rewired . | . . . Allies Hacked . | . . . Hacks Repelled . | . . . Allies | -11 -10 -10 -------- Run | Yrd Mat Sub Total Allies . | . . . Largest Group . | . . . Highest-Rated Group . | . . . Highest-Rated Ally . | . . . Total Orders . | . . . Ally Attacks . | . . . Total Damage . | . . . Kills . | . . . Allies Corrupted . | . . . Allies Melted . | . . . Intel | -11 -10 -10 ------- Run | Yrd Mat Sub Active Infowar (turns) 519 | . . 519 Terrain 159 | . . 159 Structural 360 | . . 360 Robot Analysis Total . | . . . Derelict Logs Recovered . | . . . Drone Launches . | . . . Drone Recoveries . | . . . Exploration | -11 -10 -10 ------------- Run | Yrd Mat Sub Turns Passed 1981 | 219 1228 534 Spaces Moved 888 | 90 578 220 Core 5 | 3 . 2 Treads 841 | 87 578 176 Legs . | . . . Wheels 42 | . . 42 Hover . | . . . Flight . | . . . Fastest Speed 50 | 50 160 95 Average Speed 156 | 156 160 148 Slowest Speed 200 | 160 160 200 Overloaded Moves . | . . . Propulsion Burnouts . | . . . Robots Hopped . | . . . Potential Cave-ins . | . . . Cave-ins Triggered . | . . . Exploration Rate (%) 39 | 5 97 16 Regions Visited 2 Branch Regions 1 Pre-discovered Areas 3 | . 3 . Known Exits Taken . | . . . Unknown Exits Taken 2 | 1 1 . Scrap Searched 2 | . . 2 Spaces Dug 3 | . . 3 Terrain Destroyed 93 | . 46 47 Melee 3 | . . 3 Projectile . | . . . AOE 90 | . 46 44 Terrain Rammed . | . . . Walls Destroyed . | . . . Machines Disabled . | . . . Actions | -11 -10 -10 --------- Run | Yrd Mat Sub Total 1179 | 121 723 335 Wait 93 | . 49 44 Move 886 | 89 577 220 Hop . | . . . Pick Up 16 | 4 6 6 Fast Attach 9 | 6 2 1 Attach 10 | . 2 8 Detach 1 | . 1 . Swap 7 | . 4 3 Drop 1 | . 1 . Fire 133 | 22 79 32 Melee 21 | . . 21 Ram . | . . . Kick . | . . . Crush 2 | . 2 . Escape Stasis . | . . . Rewire . | . . . Trap . | . . . Miscellaneous . | . . . Route ------- -11/Scrapyard -10/Materials (discovered 5 exits: [*Mat x3] / [*Min] / [*Sub]) -10/Subcaves (discovered 3 exits: Mat x2 / [*Rec]) History --------- Turn | Location | Event 8 | -11/Scrapyard | Discovered new exit (range 15) 220 | -11/Scrapyard | Entered Materials 316 | -10/Materials | Build established: Mutant 591 | -10/Materials | Discovered new exit (range 3) 764 | -10/Materials | Discovered new exit (range 8) 1081 | -10/Materials | Discovered new exit (range 4) 1091 | -10/Materials | Learned Storage emergency access door positions 1135 | -10/Materials | Loaded intel: 2 recycling unit locations 1140 | -10/Materials | Learned 4 Recycling zone layouts 1141 | -10/Materials | Learned location of 2 exits from Subcaves 1148 | -10/Materials | Learned location of 1 exit from Recycling 1200 | -10/Materials | Discovered new exit (range 8) 1435 | -10/Materials | Discovered new exit (range 6) 1448 | -10/Materials | Entered Subcaves 1449 | -10/Subcaves | Identified exit to Materials 1561 | -10/Subcaves | Discovered new exit (range 14) 1793 | -10/Subcaves | Core integrity fell below 50% 1843 | -10/Subcaves | Lost 4 parts (2n1u1w) 1938 | -10/Subcaves | Core integrity fell below 20% 1982 | -10/Subcaves | Destroyed by 61-7LP(R) with Subdweller Laser Last Messages --------------- 01817_ HU-8NE(R) system corrupted by crushing effect. 01818_ HU-8NE(R) system terminally corrupted. 01818_ Sub. Optics fried. 01818_ Sub. Monowheel fried. 01819_ Acquired 48 matter. 01823_ Acquired Terrain Scanner. 01828_ Subatomizers dissect the Aluminum Leg. 01831_ Acquired 10 matter. 01833_ Acquired Mak. Sword. 01835_ Acquired Hcp. Storage Unit. 01912_ Assault Rifle destroyed. 01927_ The unstable cave ceiling collapses. 01935_ Assault Rifle destroyed. 01947_ 33-LWJ(R) destroyed. 01952_ Acquired Sub. Optics. 01953_ Acquired 38 matter. 01962_ Wheel destroyed. 01968_ Lgt. Treads destroyed. 01977_ 61-7LP(R) knocked back. 01978_ Lgt. Ion Engine destroyed. Map ----- +----------------------------------------------------+ | ?????????????????????????????????????????????????? | | ?????????????????????????????????????????????????? | | ?????????????????????????????????????????????????? | | ?????????????????????????????????????????????????? | | ?????????????????????????????????????????????????? | | ?????????????????????????????????????????????????? | | ?????????????????#??????? ??????? ???????????????? | | ???????????????##??????????????? ???????????????? | | ??????????????# ?????????????? ????????????????? | | ??????????????# ?????#######? ^ ?????????????????? | | ????????##???## ??#??# # # # ???????????????????? | | ????????# ??# ?????# ????????????????????? | | ?????????# ### ????## ^????? ????????????????? | | ???????#?# ????# #???????????????????????? | | ????????## ###?# #?? ????????????????????? | | ???????## #### #???????????????????????? | | ???????# % ##?????#?????????????????? | | ? #??## ## &* ##??????????????????????? | | ? ## ??#### & ##????#?????????????????? | | ?# ## ### ##??? ?????????????????? | | ## ##?# #????#????????????????? | | ##?# ##?????????????????????? | | ###??# #######?????????????????? | | ?? #### ###?#### ########????????????????? | | ???????## ####"######## ## ####???????????????? | | ????????#??###"####### @ % #???????????? | | ????#?????### ##### ## R% #??????????? | | ???????????# ## ###### #??????????? | | ?????????#?# ## ## ###???????